 Dungeon Crawl Stone Soup version 0.30-a0-830-gfe289a77b0 (webtiles) character file.

Game seed: 14308311094206620428

366 Nacht the Digger (level 6, 41/41 HPs)
             Began as a Demonspawn Earth Elementalist on Feb 28, 2023.
             Quit the game on level 3 of the Dungeon.
             The game lasted 00:02:10 (1830 turns).

Nacht the Digger (Demonspawn Earth Elementalist)    Turns: 1830, Time: 00:02:10

Health: 41/41      AC:  5    Str:  8    XL:     6   Next: 40%
Magic:  4/10       EV: 12    Int: 25    God:
Gold:   131        SH:  0    Dex: 13    Spells: 5/11 levels left

rFire   . . .      SeeInvis .    (no weapon)
rCold   . . .      Faith    .    (no shield)
rNeg    . . .      Spirit   .    a - +0 robe
rPois   .          Reflect  .    (helmet restricted)
rElec   .          Harm     .    (no cloak)
rCorr   .          Rampage  .    c - +0 pair of gloves
Will    .....                    (no boots)
Stlth   ++                       (no amulet)
HPRegen 0.26/turn                l - +6 ring of intelligence
MPRegen 0.12/turn                (no ring)

@: no status effects
A: antennae 2, icy blue scales 1, demonic guardian 1, ignite blood 1
a: no special abilities


You were on level 3 of the Dungeon.
You visited 1 branch of the dungeon, and saw 3 of its levels.

You collected 131 gold pieces.

Inventory:

Armour
 a - a +0 robe (worn)
 c - a +0 pair of gloves (worn)
Jewellery
 l - a +6 ring of intelligence (left hand)
Scrolls
 b - 2 scrolls of brand weapon {unknown}
 d - a scroll of enchant armour {unknown}
 f - a scroll of fear {unknown}
 g - 2 scrolls of teleportation {unknown}
 h - a scroll of fog {unknown}
 i - a scroll of magic mapping {unknown}
 j - a scroll of enchant weapon {unknown}
 k - a scroll of identify {unknown}
Potions
 e - 2 potions of heal wounds {unknown}
 m - a potion of degeneration {unknown}
 n - 2 potions of brilliance {unknown}
 o - a potion of mutation {unknown}


   Skills:
 - Level 1.7 Dodging
 - Level 1.7 Stealth
 + Level 3.1 Spellcasting
 * Level 3.6 Conjurations
 - Level 0.8 Transmutations
 + Level 5.0 Earth Magic


You had 5 spell levels left.
You knew the following spells:

 Your Spells              Type           Power      Damage    Failure   Level
a - Sandblast             Erth           58%        2d13      1%          1
b - Stone Arrow           Conj/Erth      50%        3d10      4%          3
w - Passwall              Tmut/Erth      15%        N/A       4%          2

Your spell library contained the following spells:

 Spells                   Type           Power      Damage    Failure   Level
 Petrify                  Tmut/Erth      18%        N/A       30%         4


Dungeon Overview and Level Annotations

Branches:
Dungeon (3/15)

Altars:
Hepliaklqana

Shops:
D:1 *


Innate Abilities, Weirdness & Mutations

You have a pair of antennae on your head.
You are partially covered in icy blue scales. (AC +2)
A weak demonic guardian rushes to your aid.
Your demonic aura sometimes causes spilled blood to erupt in flames.


Message History

There is an open door here.
Casting: Sandblast (safe; 1% risk of failure)
Confirm with . or Enter, or press ? or * to list all spells.
Aiming: Sandblast (safe; 1% risk of failure)
Press: ? - help, Shift-Dir - straight line, f - Grinder
Aim: Grinder (81% to hit)
The blast of sand hits Grinder!
Grinder is moderately wounded.
Casting: Sandblast (safe; 1% risk of failure)
Confirm with . or Enter, or press ? or * to list all spells.
Aiming: Sandblast (safe; 1% risk of failure)
Press: ? - help, Shift-Dir - straight line, f/p - Grinder
Aim: Grinder (moderately wounded, 81% to hit)
The blast of sand hits Grinder!
Grinder is severely wounded.
Grinder gestures at you.
You barely resist. Grinder gestures at you.
You shrug off the repeated paralysis!
Casting: Sandblast (safe; 1% risk of failure)
Confirm with . or Enter, or press ? or * to list all spells.
Aiming: Sandblast (safe; 1% risk of failure)
Press: ? - help, Shift-Dir - straight line, f/p - Grinder
Aim: Grinder (severely wounded, 81% to hit)
The blast of sand hits Grinder!
Grinder is almost dead.
Casting: Sandblast (safe; 1% risk of failure)
Confirm with . or Enter, or press ? or * to list all spells.
Aiming: Sandblast (safe; 1% risk of failure)
Press: ? - help, Shift-Dir - straight line, f/p - Grinder
Aim: Grinder (almost dead, 81% to hit)
The blast of sand hits Grinder!
You kill Grinder!
Your Spellcasting skill increases to level 3!
Your Conjurations skill increases to level 3!
Your Earth Magic skill increases to level 5!
You have reached level 6!
Your demonic ancestry asserts itself...
You feel the presence of a demonic guardian.
Are you sure you want to abandon this character and quit the game? (Confirm with "yes".)

##.## #.# #.# #####
##'## #.... ##...##
#.### ##.....## #.##. .
##.......## #.#.#
....####.........###....
.......@.........'......
#...####.........###....
. ##.......## #....
##<....## ####.
####...## #. ##...#'##
#. ##......# #.
........##########.
##.................


There were no monsters in sight!

Vanquished Creatures
  Grinder (D:3)
  A scorpion (D:3)
  An orc priest (D:3)
  2 adders (D:2)
  A worm (D:3)
  2 orcs (D:3)
  5 ball pythons
  3 bats
  6 endoplasms
  2 goblins
  4 hobgoblins
  4 jackals (D:2)
  4 kobolds
  4 quokkas
  2 frilled lizards
  5 rats
47 creatures vanquished.

Notes
Turn   | Place    | Note
-------+----------+-------------------------------------------
     0 | D:1      | Nacht the Demonspawn Earth Elementalist began the quest for
                  | the Orb.
     0 | D:1      | Reached XP level 1. HP: 13/13 MP: 3/3
   120 | D:1      | Reached skill level 3 in Earth Magic
   233 | D:1      | Gained mutation: You have a pair of small antennae on your
                  | head. [demonic ancestry]
   233 | D:1      | Reached XP level 2. HP: 3/19 MP: 3/5
   546 | D:1      | Found Xuasch's Assorted Antiques.
   777 | D:2      | Gained mutation: You are partially covered in icy blue
                  | scales. (AC +2) [demonic ancestry]
   777 | D:2      | Reached XP level 3. HP: 24/24 MP: 0/6
   810 | D:2      | Reached skill level 4 in Earth Magic
   965 | D:2      | Learned a level 2 spell: Passwall
   969 | D:2      | Learned a level 3 spell: Stone Arrow
  1188 | D:2      | Identified the +4 plate armour "Toruexuh" {rPois}
  1345 | D:3      | Reached skill level 1 in Conjurations
  1345 | D:3      | Gained mutation: You have a pair of antennae on your head.
                  | [demonic ancestry]
  1345 | D:3      | Reached XP level 4. HP: 22/30 MP: 0/7
  1562 | D:3      | Noticed a scorpion
  1568 | D:3      | Killed a scorpion
  1569 | D:3      | Gained mutation: Your demonic aura sometimes causes spilled
                  | blood to erupt in flames. [demonic ancestry]
  1569 | D:3      | Reached XP level 5. HP: 19/35 MP: 1/8
  1699 | D:3      | Found a hazy altar of Hepliaklqana.
  1700 | D:3      | Identified the +5 broad axe of Jenemm {pain, *Slow rF+ rC+
                  | Will+}
  1822 | D:3      | Noticed Grinder
  1823 | D:3      | Paralysed by Grinder for 3 turns
  1829 | D:3      | Killed Grinder
  1830 | D:3      | Reached skill level 5 in Earth Magic
  1830 | D:3      | Gained mutation: A weak demonic guardian rushes to your
                  | aid. [demonic ancestry]
  1830 | D:3      | Reached XP level 6. HP: 41/41 MP: 4/10
  1830 | D:3      | Quit the game

Illustrated notes

Levels and vault maps discovered:
D:1:      eino_arrival_cavern_a, layout_rooms, serial_shops, shop,
          serial_bayou_pond_d
D:2:      wander_river, layout_rooms
D:3:      layout_loops_corners, mainiacjoe_overflow_catwalk,
          nicolae_overflow_crystal_walls, nicolae_dithmenos_the_darkroom,
          chequers_serial_rivers_micro_e, uniq_grinder, uniq_terence,
          uniq_sigmund

Skill      XL: |  1  2  3  4  5 |
---------------+----------------+-----
Earth Magic    | 3 4 5 |  5.0
Conjurations   | 1 2 3 |  3.6
Spellcasting   | 3 |  3.1
Dodging        | |  1.7
Stealth        | |  1.7
Transmutations | |  0.8

Action                     |  1- 3 |  4- 6 || total
---------------------------+-------+-------++-------
  Melee: Unarmed           |    20 |       ||    20
   Cast: Sandblast         |    54 |    18 ||    72
    Use: Potion            |     1 |       ||     1
 Armour: Robe              |    17 |     2 ||    19
  Dodge: Dodged            |    36 |     3 ||    39

Table legend: (Time is in decaauts)
 A = Elapsed time spent in this place.
 B = Non-inter-level travel time spent in this place.
 C = Inter-level travel time spent in this place.
 D = Time resting spent in this place.
 E = Time spent auto-exploring this place.
 F = Levels seen in this place.
 G = Mean time per level.
                   A        B        C        D        E       F      G
               +--------+--------+--------+--------+--------+-----+--------+
         Total |   1875 |   1850 |     25 |      0 |   1510 |   3 |  625.0 |
       Dungeon |   1875 |   1850 |     25 |      0 |   1510 |   3 |  625.0 |
               +--------+--------+--------+--------+--------+-----+--------+

Top non-repeatable levels by time:
     D:1: 781 daAuts
     D:3: 571 daAuts
     D:2: 522 daAuts
